 Dungeon Crawl Stone Soup version 0.21.1-1-g345015fe64 (webtiles) character file.

12344 assman420 the Grappler (level 11, -3/118 HPs)
             Began as a Troll Berserker on June 14, 2018.
             Was an Elder of Trog.
             Slain by a seven-headed hydra (6 damage)
             ... on level 11 of the Dungeon.
             The game lasted 01:03:56 (10334 turns).

assman420 the Grappler (Troll Berserker)           Turns: 10334, Time: 01:03:57

Health: -3/118     AC:  7    Str: 27    XL:     11   Next: 61%
Magic:  11/11      EV: 14    Int:  3    God:    Trog [****..]
Gold:   872        SH:  0    Dex: 12    Spells: 10/10 levels left

rFire    . . .     SeeInvis .     - Unarmed
rCold    . . .     Gourm    +   (no shield)
rNeg     + . .     Faith    .   a - +1 animal skin
rPois    .         Spirit   .   (helmet restricted)
rElec    .         Reflect  .   l - scarf {repulsion}
rCorr    .         Harm     .   (gloves unavailable)
MR       .....                  (boots unavailable)
Stlth    +.........             q - amulet of regeneration
HPRegen  1.09/turn              y - ring of positive energy
MPRegen  0.12/turn              (no ring)

@: repel missiles
A: large, unfitting armour, claws 3, rugged brown scales 1, fast metabolism 3,
gourmand, high mp 1, regeneration 1, shaggy fur 1, tough skin 2
a: Berserk, Trog's Hand, Brothers in Arms, Burn Spellbooks, Renounce Religion


You were on level 11 of the Dungeon.
You worshipped Trog.
Trog was greatly pleased with you.
You were not hungry.

You visited 1 branch of the dungeon, and saw 11 of its levels.

You collected 872 gold pieces.

Inventory:

Hand Weapons
 A - a +2 hunting sling of flaming
 I - a +0 lajatang
Missiles
 v - 4 javelins of penetration
 w - 7 tomahawks (quivered)
 x - 11 poisoned tomahawks
Armour
 a - a +1 animal skin (worn)
 l - a scarf of repulsion (worn)
Jewellery
 i - a cursed ring of teleportation {unknown}
 q - an amulet of regeneration (around neck)
 y - a ring of positive energy (left claw)
 E - a +4 ring of dexterity
 L - an uncursed ring of stealth {unknown}
 M - the ring of Bodily Harmony {+Fly rN+, unknown}
   (You took it off an orc priest on level 10 of the Dungeon)

   [ring of flight]

   It protects you from negative energy.
   It lets you fly.
Wands
 K - a wand of iceblast (10)
Scrolls
 c - a scroll of enchant armour
 e - 13 scrolls of identify
 f - 3 scrolls of enchant weapon
 j - 6 scrolls of magic mapping
 m - 2 scrolls of amnesia
 o - 13 scrolls of remove curse
 s - 2 scrolls of fog
 t - a scroll of random uselessness
Potions
 g - 2 potions of agility
 h - a potion of degeneration
 n - a potion of might
 p - a potion of ambrosia
 r - 2 potions of lignification
 u - 2 potions of berserk rage
 z - 2 potions of resistance
 D - a potion of curing
 J - 2 potions of mutation
Books
 k - the Almanac of Slavery
   (You found it on level 8 of the Dungeon)

   Spells                             Type                      Level
   a - Summon Mana Viper              Hexes/Summoning              5
   b - Summon Demon                   Summoning                    5
   c - Dragon's Call                  Summoning                    9
   Trog disapproves of the use of such an item.
 C - a book of Debilitation

   Spells                             Type                      Level
   a - Corona                         Hexes                        1
   b - Slow                           Hexes                        2
   c - Inner Flame                    Hexes/Fire                   3
   d - Portal Projectile              Hexes/Translocation          3
   e - Cause Fear                     Hexes                        4
   f - Leda's Liquefaction            Hexes/Earth                  4
   Trog disapproves of the use of such an item.
Comestibles
 b - 22 rations


   Skills:
 * Level 9.2 Fighting
 + Level 6.0 Throwing
 + Level 8.8 Dodging
 + Level 10.4 Unarmed Combat


You had 10 spell levels left.
You didn't know any spells.

Dungeon Overview and Level Annotations

Branches:
Dungeon (11/15)            Temple (0/1) D:7            Lair (0/6) D:9
    Orc: D:9-12

Altars:
Cheibriados
Dithmenos
Elyvilon
Fedhas
Gozag
Kikubaaqudgha
Okawaru
Qazlal
Ru
Trog
Uskayaw
Vehumet
The Shining One


Innate Abilities, Weirdness & Mutations

You are too large for most types of armour.
You have claws for hands.
Your metabolism is lightning-fast.
You like to eat raw meat.
Your natural rate of healing is unusually fast.
You are covered in fur. (AC +1)
You have very tough skin. (AC +2)
You are partially covered in rugged brown scales. (AC +1, +3% HP)
You have an increased reservoir of magic. (+10% MP)


Message History

The seven-headed hydra bites you.
* * * LOW HITPOINT WARNING * * *
The seven-headed hydra bites you.
* * * LOW HITPOINT WARNING * * *
You feel much better.
The seven-headed hydra barely misses you. x2
The seven-headed hydra misses you. x2; The seven-headed hydra bites you!
* * * LOW HITPOINT WARNING * * *
The seven-headed hydra bites you.
* * * LOW HITPOINT WARNING * * *
The seven-headed hydra bites you!
* * * LOW HITPOINT WARNING * * *
The seven-headed hydra closely misses you. x2
The seven-headed hydra bites you but does no damage.
The seven-headed hydra bites you.
* * * LOW HITPOINT WARNING * * *
The seven-headed hydra bites you.
* * * LOW HITPOINT WARNING * * *
The seven-headed hydra bites you.
You die...

##.# #.#
#..# #.##
##.## #..#
#..# ##K#
##.## #..#
#..# #.##
#.## #.#
#..## #D#
##..## #@#
##..####.#
##..##..#
##....##
######


You could see a seven-headed hydra and a big kobold.

Vanquished Creatures
  The ghost of Gedi the Cleaver, a journeyman MiAK of Lugonu (D:10)
  An unseen horror (D:11)
  Pikel (D:6)
  An ugly thing (D:11)
  An elephant (D:9)
  Psyche (D:8)
  The ghost of Henning the Chopper, an amateur MiFi (D:3)
  A troll (D:9)
  2 hornets (D:10)
  A hippogriff (D:9)
  2 dream sheep (D:11)
  Sigmund (D:3)
  A shadow (D:11)
  2 yaks (D:11)
  A water elemental (D:11)
  A wyvern (D:9)
  A basilisk (D:9)
  2 hungry ghosts
  Menkaure (D:7)
  An acid dragon (D:11)
  A sky beast (D:8)
  3 orc warriors
  An ice beast (D:9)
  A black bear (D:10)
  3 phantoms
  3 necrophages
  4 ogres
  2 centaurs
  A crocodile (D:9)
  7 big kobolds
  Blork the orc (D:5)
  7 bullfrogs
  A gnoll sergeant (D:6)
  A water moccasin zombie (D:8)
  4 scorpions
  8 killer bees
  12 wights
  A howler monkey (D:4)
  3 electric eels (D:11)
  9 crimson imps
  2 centaur zombies (D:11)
  A quasit (D:9)
  A bullfrog zombie (D:10)
  A jelly (D:11)
  6 orc wizards
  10 orc priests
  2 gnoll shamans (D:6)
  4 hounds
  4 iguanas
  7 worker ants
  Natasha (twice) (D:3)
  A killer bee zombie (D:7)
  2 hound zombies
  A hound skeleton (D:4)
  2 howler monkey zombies (D:6)
  3 worker ant zombies
  9 gnolls
  10 adders
  3 howler monkey skeletons
  5 shadow imps
  2 adder skeletons
  A worm (D:3)
  A dart slug (D:1)
  5 leopard geckos
  25 orcs
  2 ball pythons
  13 giant cockroaches
  7 goblins
  8 hobgoblins
  7 jackals
  2 quokkas (D:3)
  11 bats
  3 frilled lizards
  18 kobolds
  A quokka skeleton (D:8)
  4 rats
  2 plants (D:6)
285 creatures vanquished.

Vanquished Creatures (collateral kills)
  Sonja (D:11)
  A gargoyle (D:11)
  5 killer bees (D:11)
  An electric eel (D:11)
  A worker ant (D:11)
  2 orcs (D:11)
11 creatures vanquished.

Vanquished Creatures (others)
  2 slaves (D:6)
  An iguana (D:6)
  A gnoll (D:6)
  A jackal (D:11)
5 creatures vanquished.

Grand Total: 301 creatures vanquished

Notes
Turn   | Place    | Note
-------+----------+-------------------------------------------
     0 | D:1      | assman420 the Troll Berserker began the quest for the Orb.
     0 | D:1      | Reached XP level 1. HP: 22/22 MP: 0/0
   102 | D:1      | Reached XP level 2. HP: 28/29 MP: 1/1
   420 | D:2      | Reached skill level 1 in Throwing
   426 | D:2      | Reached ** piety under Trog
   490 | D:2      | Reached XP level 3. HP: 36/36 MP: 2/2
  1203 | D:3      | Found a hide-covered altar of Uskayaw.
  1209 | D:3      | Reached XP level 4. HP: 33/45 MP: 3/3
  1223 | D:3      | Noticed Sigmund
  1233 | D:3      | Killed Sigmund
  1233 | D:3      | Reached skill level 4 in Unarmed Combat
  1233 | D:3      | Reached XP level 5. HP: 34/53 MP: 0/4
  1246 | D:3      | Found a glowing golden altar of the Shining One.
  1381 | D:3      | Reached *** piety under Trog
  1429 | D:3      | Noticed Natasha
  1433 | D:3      | Killed Natasha
  1433 | D:3      | Reached XP level 6. HP: 60/62 MP: 5/5
  1607 | D:3      | Noticed Natasha
  1611 | D:3      | Killed Natasha
  1674 | D:3      | Noticed Henning's ghost (amateur MiFi)
  1688 | D:3      | Killed Henning's ghost
  1688 | D:3      | Reached skill level 5 in Unarmed Combat
  1688 | D:3      | Reached XP level 7. HP: 32/70 MP: 6/6
  2170 | D:4      | Found an opulent altar of Gozag.
  2579 | D:4      | Reached skill level 6 in Unarmed Combat
  2588 | D:4      | Reached skill level 5 in Fighting
  2588 | D:4      | Reached XP level 8. HP: 76/80 MP: 7/7
  2771 | D:5      | Entered Level 5 of the Dungeon
  2808 | D:5      | Noticed Blork the orc
  2812 | D:5      | Killed Blork the orc
  2812 | D:5      | Reached skill level 5 in Dodging
  2962 | D:5      | Found a snail-covered altar of Cheibriados.
  3187 | D:5      | Reached **** piety under Trog
  3415 | D:5      | Reached skill level 7 in Unarmed Combat
  3800 | D:6      | Noticed Pikel
  3808 | D:6      | Killed Pikel
  3808 | D:6      | Reached XP level 9. HP: 58/88 MP: 8/8
  4232 | D:6      | Reached skill level 8 in Unarmed Combat
  4295 | D:6      | Reached ***** piety under Trog
  4834 | D:7      | Found a blossoming altar of Fedhas.
  4889 | D:7      | Found a staircase to the Ecumenical Temple.
  4951 | D:7      | Noticed Menkaure
  4972 | D:7      | Killed Menkaure
  5305 | D:7      | Found a sacrificial altar of Ru.
  5539 | D:7      | Lost intelligence.
  5542 | D:7      | Gained mutation: You are partially covered in rugged brown scales. (AC +1, +3% HP) [potion of mutation]
  5542 | D:7      | Gained mutation: You have an increased reservoir of magic. (+10% MP) [potion of mutation]
  6401 | D:8      | Identified the Almanac of Slavery
  6503 | D:8      | Reached XP level 10. HP: 105/105 MP: 10/10
  6599 | D:8      | Noticed Psyche
  6602 | D:8      | Paralysed by Psyche for 4 turns
  6612 | D:8      | Killed Psyche
  6645 | D:8      | Reached skill level 9 in Unarmed Combat
  7164 | D:9      | Found a shadowy altar of Dithmenos.
  7164 | D:9      | Found an ancient bone altar of Kikubaaqudgha.
  7164 | D:9      | Found a radiant altar of Vehumet.
  7164 | D:9      | Found a white marble altar of Elyvilon.
  7231 | D:9      | Found a stormy altar of Qazlal.
  7259 | D:9      | Found a staircase to the Lair.
  7259 | D:9      | Noticed an elephant
  7269 | D:9      | Killed an elephant
  7274 | D:9      | Received a gift from Trog
  7757 | D:9      | Found an iron altar of Okawaru.
  7758 | D:9      | Found a bloodstained altar of Trog.
  7948 | D:10     | Entered Level 10 of the Dungeon
  8061 | D:10     | Received a gift from Trog
  8344 | D:10     | Noticed Gedi's ghost (journeyman MiAK)
  8356 | D:10     | Killed Gedi's ghost
  8356 | D:10     | Reached skill level 5 in Throwing
  8356 | D:10     | Reached XP level 11. HP: 113/114 MP: 11/11
  8401 | D:10     | Got a sparkling granite ring
  8510 | D:10     | Reached skill level 10 in Unarmed Combat
  8803 | D:11     | Killed an unseen horror
  8865 | D:11     | Received a gift from Trog
  9395 | D:11     | Noticed Sonja
  9409 | D:11     | Killed Sonja
  9667 | D:11     | Noticed a white ugly thing
  9690 | D:11     | Killed a white ugly thing
  9878 | D:11     | Noticed a two-headed hydra
  9894 | D:11     | HP: 2/118 [five-headed hydra (9)]
 10327 | D:11     | HP: 4/118 [seven-headed hydra (14)]
 10334 | D:11     | HP: 3/118 [seven-headed hydra (3)]
 10334 | D:11     | Slain by a seven-headed hydra

Skill      XL: |  1  2  3  4  5  6  7  8  9 10 11 |
---------------+----------------------------------+-----
Throwing       | 1 2 5 6 |  6.0
Fighting       | 3 4 5 6 7 8 9 |  9.2
Dodging        | 3 4 6 7 8 |  8.8
Unarmed Combat | 4 5 6 7 8 9 10 | 10.4

Action                   |  1- 3 |  4- 6 |  7- 9 | 10-12 || total
-------------------------+-------+-------+-------+-------++-------
Melee: Unarmed           |   121 |    61 |   397 |   319 ||   898
       Punch             |     1 |     2 |    12 |    19 ||    34
Throw: Tomahawk          |       |       |     3 |    18 ||    21
Invok: Berserk           |       |     1 |     5 |     9 ||    15
       Trog's Hand       |       |       |     3 |     3 ||     6
       Brothers in Arms  |       |       |       |     5 ||     5
       Burn Spellbooks   |       |       |       |     2 ||     2
  Use: Scroll            |       |       |    16 |     2 ||    18
       Potion            |       |       |    13 |     5 ||    18
 Stab: Sleeping          |     1 |       |     2 |     2 ||     5
  Eat: Chunk             |    16 |     3 |    41 |    47 ||   107
       Ration            |       |       |     4 |     1 ||     5
Armor: Animal skin       |    43 |    18 |    70 |    60 ||   191
Dodge: Dodged            |    59 |    44 |   218 |   219 ||   540
       Deflected         |     4 |       |    14 |     9 ||    27
